AoeStats
← AIDOS

Arabian Desert

510515647Analyzed
1v1 RM · 1d ago on Oct 1, 2026· 67m 39s· 2 players
Game mode
Random Map
Map size
Tiny (2 player)
Population
200
Speed
Normal
Resources
Standard
Victory
Conquest
Starting age
Dark Age
Ending age
Imperial Age
RankedLock teamsTeams togetherTeam positionsShared explorationLock speedFull tech treeHidden civsTurbo modeCheats
Victory
Defeat
🇩🇪 Turks · Germany
578
+15
🇦🇺 Poles · Australia
551
-23
AIDOS
10:44 Feudal Age
12:12 Wheelbarrow
12:36 Double-Bit Axe
15:14 Horse Collar
20:19 Castle Age
19:04 Man-at-Arms
20:21 Gold Mining
20:21 Stone Mining
20:42 Stone Mining
20:55 Scale Mail Armor
23:57 Hand Cart
29:07 Husbandry
37:25 Ballistics
36:58 Guard Tower
36:49 Treadmill Crane
40:01 Bloodlines
47:06 Imperial Age
47:07 Cavalier
49:49 Chemistry
51:21 Scale Barding Armor
57:57 Bow Saw
64:13 Light Cavalry
tiny_tree
5:29 Loom
12:01 Feudal Age
17:23 Castle Age
18:56 Double-Bit Axe
20:28 Town Watch
23:55 Horse Collar
28:11 Fletching
30:22 Bodkin Arrow
34:16 Imperial Age
35:56 Scale Barding Armor
39:47 Bracer
41:15 Artillery
43:38 Elite Janissary
44:38 Bow Saw
44:34 Heavy Plow
46:07 Ballistics
47:15 Heavy Camel Rider
50:00 Chain Barding Armor
49:51 Forging
50:16 Town Patrol
52:04 Wheelbarrow
Connection lost

Rejoining the realm…

Still unreachable

The connection could not be restored.

Session expired

The server has moved on; the page needs a fresh start.